 Dungeon Crawl Stone Soup version 0.27-a0-1196-g3e9cee4cb2 (console) character file.

Game seed: 3909417754035420278

21 Hector the Skirmisher (level 2, 0/19 HPs)
             Began as a Gargoyle Abyssal Knight on May 29, 2021.
             Was a Follower of Lugonu.
             Slain by Sigmund
             ... wielding a +0 scythe of freezing
              (6 damage)
             ... on level 2 of the Dungeon.
             The game lasted 00:02:45 (1993 turns).

Hector the Skirmisher (Gargoyle Abyssal Knight)     Turns: 1993, Time: 00:02:45

Health: 0/19       AC:  6    Str: 15    XL:     2   Next: 83%
Magic:  3/3        EV: 10    Int: 12    God:    Lugonu [*.....]
Gold:   78         SH:  3    Dex:  9    Spells: 1/1 levels left

rFire    . . .     SeeInvis +   a - +1 hand axe
rCold    . . .     Faith    .   i - +0 buckler
rNeg     + . .     Spirit   .   b - +0 leather armour
rPois    ∞         Reflect  .   (no helmet)
rElec    +         Harm     .   (no cloak)
rCorr    .         Rampage  .   (no gloves)
Will     .....                  (no boots)
Stlth    +.........             (no amulet)
HPRegen  0.06/turn              d - ring of wizardry
MPRegen  0.08/turn              S - ring of see invisible

@: no status effects
A: sickness immunity, AC +2, negative energy resistance 1, electricity
resistance, torment resistance 1, petrification resistance
a: Renounce Religion, Depart the Abyss


You were on level 2 of the Dungeon.
You worshipped Lugonu.
Lugonu was aware of your devotion.
You visited 1 branch of the dungeon, and saw 2 of its levels.
You visited the Abyss 1 time.

You collected 78 gold pieces.

Inventory:

Hand Weapons
 a - a +1 hand axe (weapon)
 l - a +0 broad axe
Missiles
 j - 50 stones
Armour
 b - a +0 leather armour (worn)
 i - a +0 buckler (worn)
Jewellery
 d - a ring of wizardry (left hand)
 S - a ring of see invisible (right hand)
Scrolls
 c - 2 scrolls of identify {unknown}
 k - a scroll of amnesia {unknown}
Potions
 e - 4 potions of resistance {unknown}
 f - 2 potions of curing {unknown}
 g - a potion of might {unknown}
 h - a potion of haste {unknown}


   Skills:
 + Level 3.4 Fighting
 * Level 2.8 Axes
 + Level 2.2 Armour
 - Level 0.7 Dodging
 * Level 0.1 Shields
 - Level 2.0 Invocations


You had one spell level left.
You didn't know any spells.
Your spell library was empty.

Dungeon Overview and Level Annotations

Branches:
Dungeon (2/15)

Altars:
Gozag

Annotations:
D:2 Sigmund


Innate Abilities, Weirdness & Mutations

You are immune to sickness and miasma.
Your stone body is resilient. (AC +2)
You are immune to poison.
You resist negative energy. (rN+)
You are resistant to electric shocks. (rElec)
You are resistant to unholy torment.
You are immune to petrification.


Message History

You hit the ball python.
You kill the ball python!
Lugonu accepts your kill.
No target in view!
There is a stone staircase leading up here.
Found 9 gold pieces.
You now have 68 gold pieces (gained 9).
A goblin comes into view. It is wielding a +0 broad axe.
You closely miss the goblin.
The goblin shouts!
You hear a shout!
The goblin closely misses you.
Your shield prevents you from hitting the goblin.
The goblin hits you with a +0 broad axe.
You hit the goblin.
The goblin is severely wounded.
The goblin hits you with a +0 broad axe.
You closely miss the goblin.
The goblin is severely wounded.
The goblin barely misses you.
You hit the goblin.
You kill the goblin!
Lugonu accepts your kill. Sigmund gestures at you while chanting.
You are confused.
Things that are here:
a +0 broad axe; 17 stones; 10 gold pieces
l - a +0 broad axe;
j - 50 stones (gained 17)
You now have 78 gold pieces (gained 10).
Sigmund hits you from afar with a +0 scythe of freezing!
Sigmund freezes you.
You bump into the rock wall.
Sigmund screams, "Only death can liberate you!"
Sigmund closely misses you.
You bump into the rock wall.
You feel less confused.
Sigmund screams, "Die, monster!"
Sigmund points at himself and mumbles some strange words.
Sigmund flickers and vanishes for a moment.
Sigmund hits you from afar with a +0 scythe of freezing.
You die...

#........ ...##.
........# .....
#.##...#... ...#.
..# .... .. ####
.# #.#### ###.
#....# # .... .###
#@# .# ..... ...>.
#.#####.# .....
...... #.@.#...#
@.... ......
###.#.# ##..r
...... #...# .#
.....# ####..# #
#.#..##....##
#.......##..#
###...#####.#
#.#.#####<########
###...#..........#


You could see Sigmund (invisible).

Vanquished Creatures
  A dart slug (D:2)
  2 ball pythons
  An endoplasm (D:2)
  A giant cockroach (D:2)
  2 goblins
  2 hobgoblins
  3 kobolds
  A quokka (D:1)
  3 bats
16 creatures vanquished.

Notes
Turn   | Place    | Note
-------+----------+-------------------------------------------
     0 | Abyss:1  | Hector the Gargoyle Abyssal Knight began the quest for the
                  | Orb.
     0 | Abyss:1  | Reached XP level 1. HP: 14/14 MP: 2/2
    44 | Abyss:1  | Noticed a chaos spawn
    45 | D:1      | Escaped the Abyss
   608 | D:1      | Reached XP level 2. HP: 19/19 MP: 3/3
  1197 | D:1      | Found an opulent altar of Gozag.
  1775 | D:2      | Reached * piety under Lugonu
  1810 | D:2      | Noticed Sigmund
  1993 | D:2      | Slain by Sigmund

Illustrated notes

Levels and vault maps discovered:
D:1:      dpeg_arrival_water_altar, layout_basic, serial_glass, glass_columns_a,
          glass_columns_a, corexii_leaking_fountain
D:2:      layout_rooms, hellmonk_ecumenical_altar_inner_sanctum, uniq_jessica,
          uniq_sigmund

Skill      XL: |  1 |
---------------+----+-----
Axes           | 2 |  2.8
Fighting       | |  3.4
Armour         | |  2.2
Dodging        | |  0.7
Shields        | |  0.1
Invocations    | |  2.0

Action                   || total
-------------------------++-------
Melee: Hand axe          ||    49
Invok: Depart the Abyss  ||     1
Armor: Leather armour    ||    16
Dodge: Dodged            ||    27
Block: Buckler           ||     5

Table legend: (Time is in decaauts)
 A = Elapsed time spent in this place.
 B = Non-inter-level travel time spent in this place.
 C = Inter-level travel time spent in this place.
 D = Time resting spent in this place.
 E = Time spent auto-exploring this place.
 F = Levels seen in this place.
 G = Mean time per level.
                   A        B        C        D        E       F      G
               +--------+--------+--------+--------+--------+-----+--------+
         Total |   2007 |   1869 |    138 |    339 |   1283 |   3 |  669.0 |
       Dungeon |   1962 |   1824 |    138 |    339 |   1242 |   2 |  981.0 |
         Abyss |     45 |     45 |      0 |      0 |     41 |   1 |   45.0 |
               +--------+--------+--------+--------+--------+-----+--------+

Top non-repeatable levels by time:
     D:1: 1650 daAuts
     D:2: 312 daAuts
 Abyss:1: 45 daAuts
